 Dungeon Crawl Stone Soup version 0.28-a0-938-gbc3f381ebc (webtiles) character file.

Game seed: 4268639388047359514

37 Decritt the Skirmisher (level 3, -1/32 (33) HPs)
             Began as a Minotaur Fighter on Nov 28, 2021.
             Slain by an iguana (4 damage)
             ... on level 2 of the Dungeon.
             The game lasted 00:02:03 (835 turns).

Decritt the Skirmisher (Minotaur Fighter)            Turns: 835, Time: 00:02:04

HP:   -1/32 (33)    AC:  8    Str: 21    XL:     3   Next: 23%
MP:   2/2           EV:  9    Int:  5    God:
Gold: 74            SH:  4    Dex:  9    Spells: 2/2 levels left

rFire   . . .      SeeInvis .   a - +0 war axe
rCold   . . .      Faith    .   c - +0 buckler
rNeg    . . .      Spirit   .   b - +0 scale mail
rPois   .          Reflect  .   (helmet restricted)
rElec   .          Harm     .   (no cloak)
rCorr   .          Rampage  .   h - +0 pair of gloves
Will    .....                   (no boots)
Stlth   ..........              (no amulet)
HPRegen 0.10/turn               (no ring)
MPRegen 0.08/turn               (no ring)

@: lightly drained
A: horns 2, retaliatory headbutt
a: no special abilities


You were on level 2 of the Dungeon.
You visited 1 branch of the dungeon, and saw 2 of its levels.

You collected 74 gold pieces.

Inventory:

Hand Weapons
 a - a +0 war axe (weapon)
Missiles
 e - a poisoned dart (quivered)
Armour
 b - a +0 scale mail (worn)
 c - a +0 buckler (worn)
 h - a +0 pair of gloves (worn)
Scrolls
 f - a scroll of identify {unknown}
 g - a scroll of silence {unknown}
Potions
 d - a potion of might
 i - a potion of attraction {unknown}


   Skills:
 * Level 4.1 Fighting
 + Level 3.2 Axes
 + Level 4.0 Armour
 + Level 0.1 Dodging
 - Level 4.0 Shields


You had 2 spell levels left.
You didn't know any spells.
Your spell library was empty.

Dungeon Overview and Level Annotations

Branches:
Dungeon (2/15)

Altars:
Qazlal


Innate Abilities, Weirdness & Mutations

You have a pair of horns on your head.
You reflexively headbutt those who attack you in melee.


Message History

You throw a poisoned dart. The poisoned dart hits the rat.
The rat is poisoned.
You throw a poisoned dart. The poisoned dart hits the rat.
The rat looks even sicker.
The rat is heavily wounded.
You kill the rat!
No target in view!
No target in view!
Unknown command.
An iguana comes into view.
The iguana hisses angrily.
The iguana hisses menacingly.
You see here a poisoned dart.
A bat comes into view.
The bat moves out of view.
You see here a poisoned dart.
You throw a poisoned dart. The poisoned dart hits the iguana.
You slash the iguana!
The iguana is severely wounded.
You closely miss the bat. The bat hits you but does no damage.
The iguana bites you! The bat hits you but does no damage.
You closely miss the iguana. You headbutt the iguana.
The iguana is almost dead.
You hit the bat but do no damage. The bat barely misses you.
You block the iguana's attack. The iguana bites you.
* * * LOW HITPOINT WARNING * * *
Your scale mail prevents you from hitting the iguana.
Your headbutt misses the iguana.
The iguana is almost dead.
You barely miss the bat. The bat hits you but does no damage.
The iguana bites you but does no damage.
You barely miss the iguana.
The iguana is almost dead.
You slash the bat!
You kill the bat!
The iguana bites you!
* * * LOW HITPOINT WARNING * * *
You closely miss the iguana.
The iguana is almost dead.
The iguana barely misses you. The iguana bites you.
You die...

....
#.†##.##....#..
.# ...
#..)......####.#
# .. #.....#####
.. ###.#.#.# #.#
#.....#.#
#.#.#...#
###..(#.####
#.....(....#
#.....@###.#
#....?†l#
#...(.(...
#....).....#
#......#...#
###....#####
#.#... ...#..


You could see an iguana.

Vanquished Creatures
  2 dart slugs
  3 endoplasms (D:1)
  4 giant cockroaches (D:1)
  4 goblins
  4 hobgoblins (D:1)
  A kobold (D:1)
  4 ball pythons
  3 bats
  A frilled lizard (D:2)
  5 rats
31 creatures vanquished.

Notes
Turn   | Place    | Note
-------+----------+-------------------------------------------
     0 | D:1      | Decritt the Minotaur Fighter began the quest for the Orb.
     0 | D:1      | Reached XP level 1. HP: 19/19 MP: 0/0
    94 | D:1      | Reached XP level 2. HP: 27/27 MP: 1/1
   148 | D:1      | Found a faded altar of an unknown god.
   598 | D:1      | Reached XP level 3. HP: 33/33 MP: 2/2
   807 | D:2      | Found a stormy altar of Qazlal.
   835 | D:2      | Slain by an iguana

Illustrated notes

Levels and vault maps discovered:
D:1:      lemuel_arrival_broad_hall, layout_basic, ebering_ecumenical_altar_rust
D:2:      layout_basic, basic_altar

Skill      XL: |  1  2 |
---------------+-------+-----
Axes           | 3 |  3.2
Fighting       | 4 |  4.1
Shields        | 4 |  4.0
Armour         | 4 |  4.0
Dodging        | |  0.1

Action                   || total
-------------------------++-------
Melee: War axe           ||    43
       Headbutt          ||     5
Throw: Dart              ||    42
Armor: Scale mail        ||    13
Dodge: Dodged            ||    16
Block: Buckler           ||     8

Table legend: (Time is in decaauts)
 A = Elapsed time spent in this place.
 B = Non-inter-level travel time spent in this place.
 C = Inter-level travel time spent in this place.
 D = Time resting spent in this place.
 E = Time spent auto-exploring this place.
 F = Levels seen in this place.
 G = Mean time per level.
                   A        B        C        D        E       F      G
               +--------+--------+--------+--------+--------+-----+--------+
         Total |    850 |    821 |     29 |      0 |    623 |   2 |  425.0 |
       Dungeon |    850 |    821 |     29 |      0 |    623 |   2 |  425.0 |
               +--------+--------+--------+--------+--------+-----+--------+

Top non-repeatable levels by time:
     D:1: 749 daAuts
     D:2: 101 daAuts
